 Dungeon Crawl Stone Soup version 0.20-a0-286-gae82e34 (webtiles) character file.

250 Junicave the Digger (level 6, 0/32 HPs)
             Began as a Gargoyle Earth Elementalist on Dec 14, 2016.
             Killed from afar by an orc wizard (8 damage)
             ... with a magic dart
             ... on level 5 of the Dungeon.
             The game lasted 00:15:13 (8463 turns).

Junicave the Digger (Gargoyle Earth Elementalist)   Turns: 8463, Time: 00:15:13

Health: 0/32       AC:  7    Str: 11    XL:     6   Next: 13%
Magic:  12/12      EV: 12    Int: 18    God:
Gold:   215        SH:  5    Dex: 10    Spells: 9/13 levels left

rFire  . . .     SeeInvis .     d - +0 dagger (drain)
rCold  . . .     Gourm    .     F - +0 robe
rNeg   + . .     Faith    .     (no shield)
rPois  ∞         Spirit   .     f - +0 helmet
rElec  +         Reflect  +     (no cloak)
rCorr  .         Harm     .     (no gloves)
MR     .....                    (no boots)
Stlth  ++........               w - +5 amulet of reflection
                                (no ring)
                                (no ring)

@: starving
A: negative energy resistance 1, electricity resistance, unbreathing,
petrification resistance, rot immunity, AC +4
a: no special abilities


You were on level 5 of the Dungeon.
You were starving.

You visited 1 branch of the dungeon, and saw 5 of its levels.

You collected 215 gold pieces.

Inventory:

Hand Weapons
 d - a +0 dagger of draining (weapon)
 j - a +0 dagger
 l - a +0 whip
 r - a +0 whip
 G - a +0 short sword
Missiles
 b - 114 stones (quivered)
Armour
 c - a +0 robe
 f - a +0 helmet (worn)
 F - a +0 robe (worn)
Jewellery
 p - an uncursed amulet of rage
 w - a +5 amulet of reflection (around neck)
Wands
 A - a wand of flame (40/48)
Scrolls
 h - 4 scrolls of remove curse {unknown}
 k - 2 scrolls of enchant weapon {unknown}
 s - 3 scrolls of teleportation {unknown}
 x - a scroll of identify {unknown}
 y - a scroll of random uselessness {unknown}
 C - a scroll of enchant armour {unknown}
Potions
 a - 2 potions of heal wounds {unknown}
 g - a potion of cure mutation {unknown}
 i - a potion of haste {unknown}
 m - a potion of cancellation {unknown}
 o - a potion of degeneration {unknown}
 v - a potion of flight {unknown}
 z - a potion of agility
 B - a potion of lignification {unknown}
 D - 2 potions of curing {unknown}
Books
 e - a book of Geomancy

   Spells                             Type                      Level
   a - Sandblast                      Earth                        1
   b - Passwall                       Transmutation/Earth          2
   c - Stone Arrow                    Conjuration/Earth            3
   d - Petrify                        Transmutation/Earth          4
   e - Lee's Rapid Deconstruction     Earth                        5
Comestibles
 n - 4 beef jerkies
 q - 2 meat rations
 t - a bread ration
 u - a fruit


   Skills:
 - Level 1.5 Dodging
 - Level 2.1 Stealth
 * Level 4.2 Spellcasting
 + Level 2.6 Conjurations
   Level 0.7 Transmutations
 + Level 5.2 Earth Magic


You had 9 spell levels left.
You knew the following spells:

 Your Spells              Type           Power        Failure   Level  Hunger
a - Sandblast             Erth           ###...       1%          1    None
b - Stone Arrow           Conj/Erth      ###...       10%         3    ###....


Dungeon Overview and Level Annotations

Branches:
Dungeon (5/15)
 Temple: D:4-7

Altars:
Ru


Innate Abilities, Weirdness & Mutations

You are resistant to torment.
Your stone body is resilient. (AC +4)
You are immune to poison.
You resist negative energy. (rN+)
You are resistant to electric shocks. (rElec)
You can survive without breathing.
You are immune to petrification.
You are immune to rotting.


Message History

The orc wizard flickers and vanishes!
Deactivating autopickup; reactivate with Ctrl-A.
The orc wizard casts a spell at you. You resist with some effort.
The orc wizard points at you and mumbles some strange words.
The magic dart hits you!
* * * LOW HITPOINT WARNING * * *
There is a stone staircase leading down here.
The orc wizard mumbles some strange words.
You climb downwards.
An adder comes into view.
There is a stone staircase leading up here.
You barely miss the orc wizard. The orc wizard misses you.
The orc wizard hits you but does no damage.
You barely miss the orc wizard.
The orc wizard casts a spell.
You closely miss the orc wizard. The orc wizard closely misses you.
The orc wizard gestures at you while chanting.
The magic dart hits you!
You die...

...
#..
#.#
#.#
#.#
#.#
#o#
#@#
#.#
#.#
#.#
#.#
#.#
S.#
...


You could see an orc wizard and an adder (sleeping).

Vanquished Creatures
  A big kobold (D:3)
  An orc priest (D:3)
  Jessica (D:3)
  4 adders (D:2)
  2 worms
  2 dart slugs
  2 leopard geckos
  4 orcs (D:3)
  3 ball pythons
  7 bats
  7 giant cockroaches
  10 goblins
  5 hobgoblins
  4 jackals (D:3)
  2 quokkas
  4 frilled lizards
  5 kobolds
  7 rats
71 creatures vanquished.

Notes
Turn   | Place    | Note
-------+----------+-------------------------------------------
     0 | D:1      | Junicave the Gargoyle Earth Elementalist began the quest for the Orb.
     0 | D:1      | Reached XP level 1. HP: 10/10 MP: 3/3
   168 | D:1      | Reached XP level 2. HP: 15/15 MP: 3/5
   304 | D:1      | Reached skill level 4 in Earth Magic
  2769 | D:1      | Reached XP level 3. HP: 19/19 MP: 5/7
  2784 | D:1      | Learned a level 3 spell: Stone Arrow
  2872 | D:2      | Found a sacrificial altar of Ru.
  3134 | D:2      | Reached skill level 1 in Conjurations
  3270 | D:2      | Reached XP level 4. HP: 24/24 MP: 0/8
  3579 | D:2      | Found a sacrificial altar of Ru.
  4155 | D:2      | Found a sacrificial altar of Ru.
  4926 | D:2      | Found a sacrificial altar of Ru.
  5168 | D:2      | Found a sacrificial altar of Ru.
  6021 | D:3      | Noticed Jessica
  6050 | D:3      | Reached XP level 5. HP: 15/28 MP: 5/10
  6061 | D:3      | Killed Jessica
  6176 | D:3      | Reached skill level 5 in Earth Magic
  6419 | D:3      | Noticed a big kobold
  6444 | D:3      | Killed a big kobold
  6444 | D:3      | Reached XP level 6. HP: 21/32 MP: 0/12
  8460 | D:5      | Entered Level 5 of the Dungeon
  8463 | D:5      | Killed from afar by an orc wizard

Vault maps used:
D:1:      dpeg_arrival_boxorama
D:2:      old_standard_altar, first_bread, roderic_st_hans_cross
D:3:      uniq_jessica
D:4:      grunt_temple_overflow_diamond
D:5:      lemuel_upstairs_altar, fedhas_bush_and_centaur_altar

Skill      XL: |  1  2  3  4  5 |
---------------+----------------+-----
Earth Magic    | 4 5 |  5.2
Spellcasting   | 3 4 |  4.2
Conjurations   | 1 2 |  2.6
Dodging        | |  1.5
Stealth        | |  2.1
Transmutations | |  0.7

Action                   |  1- 3 |  4- 6 || total
-------------------------+-------+-------++-------
Melee: Whip              |    16 |     4 ||    20
       Dagger            |       |    89 ||    89
 Cast: Sandblast         |    56 |    73 ||   129
       Stone Arrow       |       |     1 ||     1
 Stab: Sleeping          |       |     3 ||     3
  Eat: Chunk             |     3 |    12 ||    15
       Bread ration      |     1 |       ||     1
       Fruit             |       |     2 ||     2
Armor: Robe              |    21 |    39 ||    60
Dodge: Dodged            |    25 |    78 ||   103
Block: Other             |       |    18 ||    18
